AoeStats
← themrbign

Nomad

510564937Analyzed
2v2 RM · 2d ago on Oct 1, 2026· 19m 47s· 4 players
Game mode
Random Map
Map size
176×176
Population
200
Speed
Normal
Resources
Standard
Victory
Conquest
Starting age
Dark Age
Ending age
Imperial Age
RankedLock teamsTeams togetherTeam positionsShared explorationLock speedFull tech treeHidden civsTurbo modeCheats
Victory
Defeat
🇫🇮 Koreans · Finland
1263
+14
🇫🇮 Japanese · Finland
1263
+14
🇨🇱 Varangians · Chile
1241
-14
🇨🇱 Spanish · Chile
1212
-14
ISRA10
10:39 Loom
13:02 Feudal Age
13:39 Double-Bit Axe
21:43 Castle Age
Druminado
3:56 Loom
13:30 Feudal Age
14:30 Double-Bit Axe
15:10 Fletching
16:32 Fishing Lines
22:06 Castle Age
themrbign
4:49 Loom
13:19 Feudal Age
14:19 Double-Bit Axe
19:40 Castle Age
17:33 Gold Mining
18:35 Forging
17:49 Man-at-Arms
19:54 Arson
Chibedillo
4:25 Loom
12:33 Feudal Age
13:36 Double-Bit Axe
21:25 Castle Age
20:19 Forging
Connection lost

Rejoining the realm…

Still unreachable

The connection could not be restored.

Session expired

The server has moved on; the page needs a fresh start.